 Dungeon Sprint DCSS version 0.29-a0-72-g1732ff48e7 (webtiles) character file.

Game seed: 17212236113685865588

1774 iguanaiguana the Severer (level 8, -3/75 HPs)
             Began as a Minotaur Fighter on Feb 4, 2022.
             Was a Believer of Qazlal.
             Slain by a shadow (18 damage)
             ... in the Dungeon (Sprint IX: "|||||||||||||||||||||||||||||").
             The game lasted 00:02:39 (598 turns).

iguanaiguana the Severer (Minotaur Fighter)          Turns: 598, Time: 00:02:40

Health: -3/75      AC: 16    Str: 24    XL:     8   Next: 80%
Magic:  11/11      EV:  8    Int:  5    God:    Qazlal [**....]
Gold:   0          SH:  9    Dex: 12    Spells: 7/7 levels left

rFire   . . .      SeeInvis .   m - +1 broad axe (vorpal)
rCold   . . .      Faith    .   c - +0 buckler
rNeg    . . .      Spirit   .   o - +1 chain mail
rPois   .          Reflect  .   (helmet restricted)
rElec   .          Harm     .   (no cloak)
rCorr   .          Rampage  .   (no gloves)
Will    .....      NoTele   +   n - +0 pair of boots
Stlth   ..........              (no amulet)
HPRegen 0.22/turn               p - +2 ring of protection
MPRegen 0.12/turn               q - +3 ring of dexterity

@: invisible
A: horns 2, retaliatory headbutt
a: Renounce Religion, Upheaval


You were in the Dungeon.
You worshipped Qazlal.
Qazlal was pleased with you.
You visited 1 branch

Inventory:

Hand Weapons
 a - a +0 war axe
 m - a +1 vorpal broad axe (weapon)
Armour
 b - a +0 scale mail
 c - a +0 buckler (worn)
 i - +0 acid dragon scales
 n - a +0 pair of boots (worn)
 o - a +1 chain mail (worn)
Jewellery
 p - a +2 ring of protection (left hand)
 q - a +3 ring of dexterity (right hand)
Wands
 l - a wand of iceblast (10)
Scrolls
 j - 2 scrolls of blinking
 k - 2 scrolls of amnesia
Potions
 d - a potion of might
 e - 4 potions of curing
 f - 3 potions of heal wounds
 h - 4 potions of magic


   Skills:
 + Level 8.4 Fighting
 * Level 16.5 Axes
 + Level 9.9 Armour
 + Level 9.6 Shields
 * Level 6.6 Invocations


You had 7 spell levels left.
You didn't know any spells.
Your spell library was empty.

Dungeon Overview and Level Annotations

Branches:
Dungeon (1/1)

Altars:
Cheibriados
Dithmenos
Elyvilon
Fedhas
Gozag
Hepliaklqana
Kikubaaqudgha
Makhleb
Nemelex Xobeh
Okawaru
Qazlal
Ru
Sif Muna
Trog
Uskayaw
Vehumet
Wu Jian
Xom
Yredelemnul
Zin
The Shining One
Beogh
Jiyva
Lugonu


Innate Abilities, Weirdness & Mutations

You have a pair of horns on your head.
You reflexively headbutt those who attack you in melee.


Message History

You chop one of the seven-headed hydra's heads off!
The six-headed hydra grows two more!
You slice the eight-headed hydra!!
Your headbutt misses the eight-headed hydra.
The eight-headed hydra is severely wounded.
You block the eight-headed hydra's attack.
The eight-headed hydra bites you!
The eight-headed hydra bites you but does no damage.
The eight-headed hydra bites you!
The eight-headed hydra bites you but does no damage. x2
The eight-headed hydra barely misses you.
The eight-headed hydra bites you but does no damage.
You strike the helpless eight-headed hydra from behind!
You hack one of the eight-headed hydra's heads off!
The seven-headed hydra grows two more!
You slash the nine-headed hydra! You headbutt the nine-headed hydra!
You kill the nine-headed hydra!
Qazlal accepts your kill. The meliai hits you but does no damage.
The meliai stings you!
You are poisoned.
The meliai poisons you!
Your Fighting skill increases to level 8!
Your Axes skill gained 2 levels and is now at level 16!
Your Invocations skill increases to level 6!
You have reached level 8!
You feel stronger.
You catch the helpless meliai completely off-guard!
You slice the meliai!!
The meliai is almost dead.
You feel very sick. The meliai hits you!
* * * LOW HITPOINT WARNING * * *
The meliai stings you but does no damage.
You barely miss the meliai. You headbutt the meliai.
You kill the meliai!
Qazlal accepts your kill.
* * * LOW HITPOINT WARNING * * *
You feel sick.
You feel better.
The shadow strikes at you from the darkness!
You die... ▓▓▓▓▓▓▓▓▓▓▓▓▓▓▓▓▓▓▓▓▓▓▓▓ '..)..[...[[)...@†.oWT.. ▓▓▓▓▓▓▓▓▓▓▓▓▓▓▓▓▓▓▓▓▓▓▓▓

You could see a troll, a wraith and an orc wizard.

Vanquished Creatures
  A hydra (D)
  A meliai (shapeshifter) (D)
  3 trolls (D)
  An acid dragon (D)
  A sky beast (D)
  A centaur (D)
  A jelly (D)
  2 dart slugs (D)
  2 orcs (D)
  A goblin (D)
  A ball python zombie (D)
  A kobold (D)
  A quokka zombie (D)
  A rat (D)
18 creatures vanquished.

Notes
Turn   | Place    | Note
-------+----------+-------------------------------------------
     0 | D        | iguanaiguana the Minotaur Fighter began the quest for the
                  | Orb.
     0 | D        | Reached XP level 1. HP: 19/19 MP: 0/0
    10 | D        | Reached skill level 3 in Axes
    13 | D        | Reached skill level 4 in Axes
    19 | D        | Reached skill level 5 in Axes
    19 | D        | Reached XP level 2. HP: 10/26 MP: 1/1
   222 | D        | Noticed a sky beast
   241 | D        | Killed a sky beast
   242 | D        | Reached skill level 8 in Axes
   242 | D        | Reached skill level 5 in Armour
   242 | D        | Reached XP level 3. HP: 14/31 MP: 2/2
   242 | D        | Reached XP level 4. HP: 18/39 MP: 3/3
   245 | D        | Reached skill level 9 in Axes
   462 | D        | Found a snail-covered altar of Cheibriados.
   462 | D        | Found a shadowy altar of Dithmenos.
   462 | D        | Found a white marble altar of Elyvilon.
   462 | D        | Found a blossoming altar of Fedhas.
   462 | D        | Found an opulent altar of Gozag.
   463 | D        | Found a hazy altar of Hepliaklqana.
   464 | D        | Found a viscous altar of Jiyva.
   465 | D        | Found an ancient bone altar of Kikubaaqudgha.
   466 | D        | Found a corrupted altar of Lugonu.
   467 | D        | Found a burning altar of Makhleb.
   468 | D        | Found a sparkling altar of Nemelex Xobeh.
   469 | D        | Found an iron altar of Okawaru.
   470 | D        | Found a stormy altar of Qazlal.
   471 | D        | Found a sacrificial altar of Ru.
   472 | D        | Found a shimmering blue altar of Sif Muna.
   473 | D        | Found a bloodstained altar of Trog.
   474 | D        | Found a hide-covered altar of Uskayaw.
   475 | D        | Found a radiant altar of Vehumet.
   476 | D        | Found an ornate altar of the Wu Jian Council.
   477 | D        | Found a shimmering altar of Xom.
   478 | D        | Became a worshipper of Qazlal Stormbringer
   479 | D        | Found a basalt altar of Yredelemnul.
   480 | D        | Found a glowing silver altar of Zin.
   481 | D        | Found a glowing golden altar of the Shining One.
   528 | D        | Noticed a troll
   528 | D        | Noticed a troll
   528 | D        | Noticed a troll
   528 | D        | Noticed an acid dragon
   528 | D        | Noticed a centaur
   530 | D        | Killed a troll
   531 | D        | Reached skill level 5 in Fighting
   531 | D        | Reached skill level 11 in Axes
   531 | D        | Reached XP level 5. HP: 48/48 MP: 3/6
   531 | D        | Reached XP level 6. HP: 56/56 MP: 3/7
   531 | D        | Killed a troll
   532 | D        | Reached skill level 12 in Axes
   532 | D        | Reached XP level 7. HP: 64/64 MP: 3/9
   536 | D        | Killed a troll
   536 | D        | Reached * piety under Qazlal
   537 | D        | Reached skill level 13 in Axes
   537 | D        | Reached skill level 5 in Invocations
   539 | D        | Reached skill level 14 in Axes
   547 | D        | Reached ** piety under Qazlal
   586 | D        | Noticed a four-headed hydra
   586 | D        | Noticed a meliai
   586 | D        | Noticed a shadow
   586 | D        | Noticed a wraith
   586 | D        | Noticed a troll
   595 | D        | Killed a nine-headed hydra
   596 | D        | Reached skill level 16 in Axes
   596 | D        | Reached XP level 8. HP: 23/74 MP: 11/11
   597 | D        | Killed a meliai
   598 | D        | Slain by a shadow

Illustrated notes

Levels and vault maps discovered:
D:        linesprint [early_d, line_temple, items_1, d_10, items_2, lair_1,
          lair_end, items_3, orc_1, orc_end, items_4, d_15, swamp_1, shoals_1,
          snake_1, spider_1, d_20, vaults_1, items_5, swamp_end, shoals_end,
          snake_end, spider_end, vaults_end, d_27, items_6, zot_1, zot_end,
          crypt_end, forest_end, elf_end, slime_end, tomb_end, abyss_end,
          pan_hell_end]

Skill      XL: |  1  2  3  4  5  6  7 |
---------------+----------------------+-----
Axes           | 5 8 11 12 16 | 16.5
Armour         | 5 7 8 9 |  9.9
Shields        | 6 7 8 9 |  9.6
Fighting       | 5 6 8 |  8.4
Invocations    | 3 4 6 |  6.6

Action                   |  1- 3 |  4- 6 |  7- 9 || total
-------------------------+-------+-------+-------++-------
Melee: War axe           |    31 |     5 |       ||    36
       Headbutt          |     3 |     4 |     6 ||    13
       Broad axe         |       |     2 |    25 ||    27
  Use: Potion            |     1 |     1 |     2 ||     4
 Stab: Invisible         |       |       |     6 ||     6
Armor: Scale mail        |     6 |     1 |       ||     7
       Chain mail        |       |       |    19 ||    19
Dodge: Dodged            |    11 |     2 |    10 ||    23
Block: Buckler           |     4 |       |    11 ||    15

Table legend: (Time is in decaauts)
 A = Elapsed time spent in this place.
 B = Non-inter-level travel time spent in this place.
 C = Inter-level travel time spent in this place.
 D = Time resting spent in this place.
 E = Time spent auto-exploring this place.
 F = Levels seen in this place.
 G = Mean time per level.
                   A        B        C        D        E       F      G
               +--------+--------+--------+--------+--------+-----+--------+
         Total |    590 |    590 |      0 |    422 |     13 |   1 |  590.0 |
       Dungeon |    590 |    590 |      0 |    422 |     13 |   1 |  590.0 |
               +--------+--------+--------+--------+--------+-----+--------+

Top non-repeatable levels by time:
       D: 590 daAuts
